SAAA
BANGOR TRIDENT BASE OGRES @ BAGLEY LOONS
06/04/2017
 
TOP OF THE 1ST
Bangor Trident Base Ogres batting - Pitching for Bagley Loons : RHP Joe King
Pitching: RHP Joe King
Batting: RHB Stan Hughes 0-0: Reached on error, E6 (Groundball, 6MD)
Batting: RHB Joe Runyon 0-0: Called Strike
0-1: Ball
1-1: Foul Ball, location: 2F
1-2: Fly out, F5 (Line Drive, 5)
Batting: RHB Zach King 0-0: Called Strike
0-1: Fly out, F4 (Popup, 4MD)
Batting: LHB Thomas Kemp 0-0: Called Strike
0-1: Ball
1-1: Ball
2-1: SINGLE (Flyball, 6MD)
Stan Hughes to third
Runner from 3rd tries for Home, SAFE, no throw or cutoff
Batting: SHB Dustin Tucker 0-0: Ball
1-0: Fly out, F8 (Flyball, 8RS)
Top of the 1st over - 1 run(s), 1 hit(s), 1 error(s), 1 left on base; Bangor Trident Base 1 - Bagley 0
BOTTOM OF THE 1ST
Bagley Loons batting - Pitching for Bangor Trident Base Ogres : RHP George Frazier
Pitching: RHP George Frazier
Batting: LHB Warren O'Herlihy 0-0: Ball
1-0: Foul Ball, location: 2F
1-1: DOUBLE (Flyball, 7LD)
Batting: LHB Lawrence Washington 0-0: Ball
1-0: Ball
2-0: Ball
3-0: Base on Balls
Batting: LHB Rafael García 0-0: Called Strike
0-1: Ball
1-1: Swinging Strike
1-2: Foul Ball, location: 2F
1-2: Strikes out swinging
Batting: LHB Kenko Ueda 0-0: Ball
1-0: Called Strike
1-1: Called Strike
1-2: 3-RUN HOME RUN (Flyball, 7D), Distance : 370 ft
Batting: RHB Allen Murphy 0-0: Swinging Strike
0-1: Ball
1-1: Foul Ball, location: 2F
1-2: SINGLE (Line Drive, 6)
Batting: RHB Edward Baker 0-0: Swinging Strike
0-1: Called Strike
0-2: Ball
1-2: 2-RUN HOME RUN (Flyball, 7D), Distance : 367 ft
Batting: RHB Luis Sáenz 0-0: Called Strike
0-1: Ball
1-1: SOLO HOME RUN (Flyball, 7D), Distance : 353 ft
Pitching: RHP Millard Kessler
Batting: RHB Orlando Moreno 0-0: Foul Ball, location: 2F
0-1: Ball
1-1: Ball
2-1: Called Strike
2-2: Ball
3-2: Fly out, F9 (Flyball, 89M)
Batting: RHB Jackson Shewman 0-0: Ball
1-0: Called Strike
1-1: Ball
2-1: Foul Ball, location: 2F
2-2: Strikes out swinging
Bottom of the 1st over - 6 run(s), 5 hit(s), 0 error(s), 0 left on base; Bangor Trident Base 1 - Bagley 6
TOP OF THE 2ND
Bangor Trident Base Ogres batting - Pitching for Bagley Loons : RHP Joe King
Batting: RHB Tyrone Graham 0-0: Ground out 6-3 (Groundball, 6)
Batting: RHB Dewey McClellan 0-0: SINGLE (Line Drive, 56)
Batting: SHB Troy Grant 0-0: Ball
1-0: Ball
2-0: Grounds into double play, U4-3 (Groundball, 4)
Top of the 2nd over - 0 run(s), 1 hit(s), 0 error(s), 0 left on base; Bangor Trident Base 1 - Bagley 6
BOTTOM OF THE 2ND
Bagley Loons batting - Pitching for Bangor Trident Base Ogres : RHP Millard Kessler
Batting: LHB Warren O'Herlihy 0-0: Ball
1-0: Called Strike
1-1: Swinging Strike
1-2: Ball
2-2: Foul Ball, location: 2F
2-2: Fly out, F8 (Flyball, 8LD)
Batting: LHB Lawrence Washington 0-0: Ball
1-0: Ball
2-0: Called Strike
2-1: Fly out, F7 (Flyball, 7M)
Batting: LHB Rafael García 0-0: Ball
1-0: Swinging Strike
1-1: SINGLE (Line Drive, 34)
Batting: LHB Kenko Ueda 0-0: Called Strike
0-1: Called Strike
0-2: Strikes out swinging
Bottom of the 2nd over - 0 run(s), 1 hit(s), 0 error(s), 1 left on base; Bangor Trident Base 1 - Bagley 6
TOP OF THE 3RD
Bangor Trident Base Ogres batting - Pitching for Bagley Loons : RHP Joe King
Batting: RHB Ron Williams 0-0: Called Strike
0-1: Ball
1-1: Swinging Strike
1-2: Foul Ball, location: 2F
1-2: Ball
2-2: Strikes out swinging
Batting: RHB Stan Hughes 0-0: Ground out 6-3 (Groundball, 6)
Batting: RHB Joe Runyon 0-0: Foul Ball, location: 2F
0-1: Ball
1-1: Swinging Strike
1-2: Strikes out looking
Top of the 3rd over - 0 run(s), 0 hit(s), 0 error(s), 0 left on base; Bangor Trident Base 1 - Bagley 6
BOTTOM OF THE 3RD
Bagley Loons batting - Pitching for Bangor Trident Base Ogres : RHP Millard Kessler
Batting: RHB Allen Murphy 0-0: Swinging Strike
0-1: Ball
1-1: Foul Ball, location: 2F
1-2: Ground out 4-3 (Groundball, 34)
Batting: RHB Edward Baker 0-0: Ball
1-0: Ground out 6-3 (Groundball, 6)
Batting: RHB Luis Sáenz 0-0: Ball
1-0: Called Strike
Reached via error on a dropped throw, E3
Batting: RHB Orlando Moreno 0-0: Ball
1-0: Swinging Strike
1-1: Ground out 5-3 (Groundball, 15S)
Bottom of the 3rd over - 0 run(s), 0 hit(s), 1 error(s), 1 left on base; Bangor Trident Base 1 - Bagley 6
TOP OF THE 4TH
Bangor Trident Base Ogres batting - Pitching for Bagley Loons : RHP Joe King
Batting: RHB Zach King 0-0: Foul Ball, location: 2F
0-1: Called Strike
0-2: Ball
1-2: Foul Ball, location: 2F
1-2: Ball
2-2: Strikes out swinging
Batting: LHB Thomas Kemp 0-0: Ball
1-0: Ball
2-0: Ball
3-0: Base on Balls
Batting: SHB Dustin Tucker 0-0: Called Strike
0-1: Swinging Strike
0-2: Foul Ball, location: 2F
0-2: Ball
1-2: Fly out, F7 (Flyball, 7D)
Batting: RHB Tyrone Graham 0-0: Ball
1-0: Fly out, F7 (Flyball, 78XD)
Top of the 4th over - 0 run(s), 0 hit(s), 0 error(s), 1 left on base; Bangor Trident Base 1 - Bagley 6
BOTTOM OF THE 4TH
Bagley Loons batting - Pitching for Bangor Trident Base Ogres : RHP Millard Kessler
Batting: RHB Jackson Shewman 0-0: Foul Ball, location: 2F
0-1: Foul Ball, location: 2F
0-2: SINGLE (Line Drive, 7S)
Batting: LHB Warren O'Herlihy 0-0: Swinging Strike
0-1: Ball
1-1: Ball
2-1: Called Strike
2-2: Ball
3-2: SINGLE (Groundball, 56D)
Jackson Shewman to second
Pitching: RHP Jason Mosley
Batting: LHB Lawrence Washington 0-0: Fly out, F6 (Popup, 6S)
Batting: LHB Rafael García 0-0: Foul Ball, location: 2F
0-1: Ball
1-1: SINGLE (Line Drive, 34)
Jackson Shewman to third
Warren O'Herlihy to second
Batting: LHB Kenko Ueda 0-0: Called Strike
0-1: TRIPLE (Flyball, 89XD)
Jackson Shewman scores
Warren O'Herlihy scores
Rafael García scores
Batting: RHB Allen Murphy 0-0: Ball
1-0: Ball
2-0: Foul Ball, location: 2F
2-1: Ball
3-1: Called Strike
3-2: Ground out 6-3 (Groundball, 6)
Kenko Ueda scores
Batting: RHB Edward Baker 0-0: Ball
1-0: Foul Ball, location: 2F
1-1: Ball
2-1: Ball
3-1: Foul Ball, location: 2F
3-2: Foul Ball, location: 2F
3-2: Fly out, F7 (Flyball, 78XD)
Bottom of the 4th over - 4 run(s), 4 hit(s), 0 error(s), 0 left on base; Bangor Trident Base 1 - Bagley 10
TOP OF THE 5TH
Bangor Trident Base Ogres batting - Pitching for Bagley Loons : RHP Joe King
Batting: RHB Dewey McClellan 0-0: Called Strike
0-1: SINGLE (Line Drive, 56D)
Batting: SHB Troy Grant 0-0: Called Strike
0-1: Ball
1-1: Foul Ball, location: 2F
1-2: Ball
2-2: Strikes out swinging
Batting: RHB Ron Williams 0-0: Ball
1-0: Ball
2-0: Foul Ball, location: 2F
2-1: Ball
3-1: Called Strike
3-2: Base on Balls
Dewey McClellan to second
Batting: RHB Stan Hughes 0-0: DOUBLE (Line Drive, 7LS)
Dewey McClellan scores
Ron Williams to third
Runner from 3rd tries for Home, SAFE, no throw or cutoff
Batting: RHB Joe Runyon 0-0: Ball
1-0: Ball
2-0: Reached on error, E5 (Groundball, 5)
Stan Hughes to third
Batting: RHB Zach King 0-0: Ball
1-0: Ball
2-0: Fielders Choice at 2nd, 1-6 (Groundball, 15S)
Batting: LHB Thomas Kemp 0-0: Ball
1-0: Fly out, F7 (Flyball, 7M)
Top of the 5th over - 2 run(s), 2 hit(s), 1 error(s), 2 left on base; Bangor Trident Base 3 - Bagley 10
BOTTOM OF THE 5TH
Bagley Loons batting - Pitching for Bangor Trident Base Ogres : RHP Jason Mosley
Batting: RHB Luis Sáenz 0-0: Called Strike
0-1: Swinging Strike
0-2: Ball
1-2: Ball
2-2: Strikes out looking
Batting: RHB Orlando Moreno 0-0: Fly out, F2 (Popup, 2L)
Batting: RHB Jackson Shewman 0-0: SINGLE (Groundball, 34D)
Batting: LHB Warren O'Herlihy 0-0: Called Strike
0-1: Ball
1-1: DOUBLE (Line Drive, 7LS)
Jackson Shewman to third
Batting: LHB Lawrence Washington 0-0: Called Strike
0-1: Ball
1-1: Ball
2-1: Ball
3-1: DOUBLE (Flyball, 8LM)
Jackson Shewman scores
Warren O'Herlihy scores
Pitching: RHP Oliver Andrews
Batting: LHB Rafael García 0-0: Ball
1-0: Ground out 4-3 (Groundball, 4)
Bottom of the 5th over - 2 run(s), 3 hit(s), 0 error(s), 1 left on base; Bangor Trident Base 3 - Bagley 12
TOP OF THE 6TH
Bangor Trident Base Ogres batting - Pitching for Bagley Loons : RHP Joe King
Batting: SHB Dustin Tucker 0-0: Swinging Strike
0-1: Foul Ball, location: 2F
0-2: Foul Ball, location: 2F
0-2: Ball
1-2: Foul Ball, location: 2F
1-2: Ball
2-2: Ball
3-2: SINGLE (Flyball, 8LS)
Batting: RHB Tyrone Graham 0-0: Ball
1-0: Grounds into double play, 1-6-3 (Groundball, 13S)
Batting: RHB Dewey McClellan 0-0: Called Strike
0-1: SOLO HOME RUN (Flyball, 8RXD), Distance : 439 ft
Batting: SHB Troy Grant 0-0: Called Strike
0-1: Fly out, F5 (Popup, 5SF)
Top of the 6th over - 1 run(s), 2 hit(s), 0 error(s), 0 left on base; Bangor Trident Base 4 - Bagley 12
BOTTOM OF THE 6TH
Bagley Loons batting - Pitching for Bangor Trident Base Ogres : RHP Oliver Andrews
Batting: LHB Kenko Ueda 0-0: Ball
1-0: Swinging Strike
1-1: Ball
2-1: Called Strike
2-2: Ball
3-2: Foul Ball, location: 2F
3-2: DOUBLE (Line Drive, 89S)
Batting: RHB Allen Murphy 0-0: Ball
1-0: Swinging Strike
1-1: Called Strike
1-2: Fly out, F3 (Popup, 34S)
Batting: RHB Edward Baker 0-0: Ball
1-0: Foul Ball, location: 2F
1-1: SINGLE (Flyball, 78S)
Kenko Ueda to third
Batting: RHB Luis Sáenz 0-0: Ball
1-0: Ball
2-0: Foul Ball, location: 2F
2-1: Swinging Strike
2-2: Ball
3-2: Fly out, F8 (Line Drive, 8RM)
Runner from 3rd tags up, SCORES, throw made
Batting: RHB Orlando Moreno 0-0: Called Strike
0-1: Called Strike
0-2: Ball
1-2: Foul Ball, location: 2F
1-2: Foul Ball, location: 2F
1-2: Foul Ball, location: 2F
1-2: Foul Ball, location: 2F
1-2: SINGLE (Flyball, 8RS)
Edward Baker to second
Batting: RHB Jackson Shewman 0-0: Ball
1-0: Called Strike
1-1: Foul Ball, location: 2F
1-2: Ball
2-2: Ball
3-2: SINGLE (Popup, 8RS)
Edward Baker to third
Orlando Moreno to second
Edward Baker scores
Orlando Moreno to third
Batting: LHB Warren O'Herlihy 0-0: Foul Ball, location: 2F
0-1: Foul Ball, location: 2F
0-2: Ball
1-2: Strikes out swinging
Bottom of the 6th over - 2 run(s), 4 hit(s), 0 error(s), 2 left on base; Bangor Trident Base 4 - Bagley 14
TOP OF THE 7TH
Bangor Trident Base Ogres batting - Pitching for Bagley Loons : RHP Joe King
Now at C: Javier Gómez
Batting: RHB Ron Williams 0-0: Foul Ball, location: 2F
0-1: Called Strike
0-2: Ball
1-2: Ball
2-2: Strikes out swinging
Batting: RHB Stan Hughes 0-0: SINGLE (Groundball, 56D) (infield hit)
Batting: RHB Joe Runyon 0-0: Grounds into double play, 6-4-3 (Groundball, 6)
Top of the 7th over - 0 run(s), 1 hit(s), 0 error(s), 0 left on base; Bangor Trident Base 4 - Bagley 14
BOTTOM OF THE 7TH
Bagley Loons batting - Pitching for Bangor Trident Base Ogres : RHP Oliver Andrews
Batting: LHB Lawrence Washington 0-0: Fly out, F9 (Flyball, 89M)
Pitching: RHP Ramiro Lara
Batting: LHB Rafael García 0-0: Ground out 4-3 (Groundball, 34)
Batting: LHB Kenko Ueda 0-0: Called Strike
0-1: Swinging Strike
0-2: Ground out U3 (Groundball, 3L)
Bottom of the 7th over - 0 run(s), 0 hit(s), 0 error(s), 0 left on base; Bangor Trident Base 4 - Bagley 14
TOP OF THE 8TH
Bangor Trident Base Ogres batting - Pitching for Bagley Loons : RHP Joe King
Batting: RHB Zach King 0-0: Fly out, F9 (Flyball, 9S)
Batting: LHB Thomas Kemp 0-0: Ball
1-0: SINGLE (Line Drive, 89M)
Batting: SHB Dustin Tucker 0-0: Ball
1-0: Ball
2-0: Foul Ball, location: 2F
2-1: Ball
3-1: Foul Ball, location: 2F
3-2: Foul Ball, location: 2F
3-2: Base on Balls
Thomas Kemp to second
Batting: RHB Tyrone Graham 0-0: Ball
1-0: Ball
2-0: Called Strike
2-1: Ball
3-1: Swinging Strike
3-2: Foul Ball, location: 2F
3-2: Foul Ball, location: 2F
3-2: Strikes out swinging
Batting: RHB Dewey McClellan 0-0: Called Strike
0-1: Foul Ball, location: 2F
0-2: Ball
1-2: Foul Ball, location: 2F
1-2: Ball
2-2: Ball
3-2: Foul Ball, location: 2F
3-2: Strikes out looking
Top of the 8th over - 0 run(s), 1 hit(s), 0 error(s), 2 left on base; Bangor Trident Base 4 - Bagley 14
BOTTOM OF THE 8TH
Bagley Loons batting - Pitching for Bangor Trident Base Ogres : RHP Ramiro Lara
Batting: SHB Javier Gómez 0-0: Called Strike
0-1: Ball
1-1: Called Strike
1-2: Foul Ball, location: 2F
1-2: Fly out, F7 (Flyball, 78M)
Batting: RHB Edward Baker 0-0: Called Strike
0-1: Ball
1-1: Foul Ball, location: 2F
1-2: Foul Ball, location: 2F
1-2: Ball
2-2: SINGLE (Groundball, 5S)
Batting: RHB Luis Sáenz 0-0: Ball
1-0: Foul Ball, location: 2F
1-1: Grounds into double play, 6-4-3 (Groundball, 6)
Bottom of the 8th over - 0 run(s), 1 hit(s), 0 error(s), 0 left on base; Bangor Trident Base 4 - Bagley 14
TOP OF THE 9TH
Bangor Trident Base Ogres batting - Pitching for Bagley Loons : RHP Joe King
Pitching: LHP Jim Unknown
Batting: SHB Troy Grant 0-0: Swinging Strike
0-1: Fly out, F3 (Popup, 3F)
Batting: RHB Ron Williams 0-0: Called Strike
0-1: Foul Ball, location: 2F
0-2: Ball
1-2: Ball
2-2: Ball
3-2: Fly out, F9 (Flyball, 89M)
Batting: RHB Stan Hughes 0-0: Ball
1-0: Ball
2-0: Swinging Strike
2-1: Ball
3-1: Foul Ball, location: 2F
3-2: Foul Ball, location: 2F
3-2: Foul Ball, location: 2F
3-2: Foul Ball, location: 2F
3-2: Base on Balls
Batting: RHB Joe Runyon 0-0: Swinging Strike
0-1: Ball
1-1: Ball
2-1: Ball
3-1: Base on Balls
Stan Hughes to second
Pinch Hitting: RHB Jim Unknown 0-0: Foul Ball, location: 2F
0-1: Swinging Strike
0-2: Ball
1-2: Foul Ball, location: 2F
1-2: Ball
2-2: Foul Ball, location: 2F
2-2: Ball
3-2: Strikes out swinging
Top of the 9th over - 0 run(s), 0 hit(s), 0 error(s), 2 left on base; Bangor Trident Base 4 - Bagley 14
This league is powered by Out of the Park Baseball, the baseball management simulation game for PC, Mac and Linux
Saturday, February 27th, 2021 - OOTP Baseball 15.6 Build 34